 Dungeon Crawl Stone Soup version 0.29.0-4-gdea44cf6ec (console) character file.

Game seed: 14304318420820289462

16 Cab the Trooper (level 2, 0/24 HPs)
             Began as a Demonspawn Fighter on Aug 27, 2022.
             Slain by a jackal (1 damage)
             ... on level 1 of the Dungeon.
             The game lasted 00:01:06 (233 turns).

Cab the Trooper (Demonspawn Fighter)                 Turns: 233, Time: 00:01:06

Health: 0/24       AC:  6    Str: 16    XL:     2   Next: 41%
Magic:  2/2        EV:  8    Int:  9    God:
Gold:   7          SH:  4    Dex: 12    Spells: 1/1 levels left

rFire   . . .      SeeInvis .   a - +0 war axe
rCold   . . .      Faith    .   c - +0 buckler
rNeg    . . .      Spirit   .   b - +0 scale mail
rPois   .          Reflect  .   (no helmet)
rElec   .          Harm     .   (no cloak)
rCorr   .          Rampage  .   (no gloves)
Will    .....                   (no boots)
Stlth   ..........              (no amulet)
HPRegen 0.08/turn               (no ring)
MPRegen 0.08/turn               (no ring)

@: no status effects
A: powered by pain 1
a: no special abilities


You were on level 1 of the Dungeon.
You visited 1 branch of the dungeon, and saw 1 of its levels.

You collected 7 gold pieces.

Inventory:

Hand Weapons
 a - a +0 war axe (weapon)
Armour
 b - a +0 scale mail (worn)
 c - a +0 buckler (worn)
Scrolls
 e - a scroll of teleportation {unknown}
Potions
 d - a potion of might


   Skills:
 - Level 3.0 Fighting
 + Level 2.8 Axes
 - Level 2.6 Armour
 - Level 2.6 Shields


You had one spell level left.
You didn't know any spells.
Your spell library was empty.

Dungeon Overview and Level Annotations

Branches:
Dungeon (1/15)

Altars:


Innate Abilities, Weirdness & Mutations

You sometimes gain a little power by taking damage.


Message History

You are too injured to fight recklessly!
Unknown command.
You hit the jackal but do no damage.
The jackal is almost dead.
You closely miss the jackal. The jackal bites you.
You block the jackal's attack.
The jackal bites you but does no damage.
The jackal bites you.
Unknown command.
You closely miss the jackal.
The jackal is almost dead.
You hit the jackal.
You kill the jackal!
You block the jackal's attack. The jackal misses you.
You hit the dart slug.
The dart slug is heavily wounded.
You barely miss the jackal. The jackal barely misses you. The jackal bites you.
The dart slug bites you but does no damage.
You miss the jackal.
The jackal is almost dead.
You hit the dart slug.
You kill the dart slug!
You block the jackal's attack. The jackal barely misses you.
The jackal bites you but does no damage.
You closely miss the jackal.
The jackal is almost dead.
The jackal barely misses you. The jackal bites you.
* * * LOW HITPOINT WARNING * * *
You barely miss the jackal.
The jackal is almost dead.
The jackal barely misses you. The jackal bites you.
* * * LOW HITPOINT WARNING * * *
You closely miss the jackal.
The jackal is almost dead.
The jackal closely misses you. The jackal barely misses you.
You closely miss the jackal.
The jackal is almost dead.
The jackal bites you but does no damage.
The jackal bites you.
You die... ∙∙∙∙∙∙∙∙∙∙∙∙∙▒ ∙∙∙∙∙∙∙∙∙∙∙∙∙▒ ∙∙∙∙∙∙∙∙∙∙∙∙∙▒ ∙∙∙∙∙∙?∙∙∙∙∙∙▒▒ ∙∙∙∙∙∙∙∙∙∙∙∙∙∙∙

∙∙∙∙∙∙∙∙∙∙∙∙▒ ▒∙∙∙∙∙▒
▒▒▒▒▒▒▒ ▒▒▒▒▒%▒▒▒▒
▒∙∙∙∙∙▒ ▒∙∙∙∙@h▒ ▒∙∙∙∙∙▒
▒∙∙∙∙∙∙▒ ▒∙∙∙∙∙▒
▒∙∙∙∙∙∙▒▒ ▒∙∙∙∙∙▒
▒∙∙∙∙∙∙∙▒ ▒∙∙∙∙∙▒
▒∙∙∙∙∙∙∙▒▒▒▒∙∙∙∙∙▒▒
∙∙∙[∙∙∙∙∙∙▒▒∙∙∙∙∙∙∙▒▒▒▒
▒▒▒∙∙∙∙∙∙▒∙▒▒∙∙∙∙∙∙∙∙∙∙▒
▒∙∙∙∙∙∙∙∙∙▒∙∙∙∙∙∙▒▒▒∙∙
▒∙∙∙∙∙∙∙∙∙∙∙∙∙∙∙∙▒ ▒▒▒


You could see a jackal.

Vanquished Creatures
  A dart slug (D:1)
  An endoplasm (D:1)
  5 jackals (D:1)
  A quokka (D:1)
  2 kobolds (D:1)
  3 rats (D:1)
13 creatures vanquished.

Notes
Turn   | Place    | Note
-------+----------+-------------------------------------------
     0 | D:1      | Cab the Demonspawn Fighter began the quest for the Orb.
     0 | D:1      | Reached XP level 1. HP: 18/18 MP: 1/1
   134 | D:1      | Gained mutation: You sometimes gain a little power by
                  | taking damage. [demonic ancestry]
   134 | D:1      | Reached XP level 2. HP: 22/24 MP: 2/2
   231 | D:1      | HP: 1/24 [jackal (3)]
   233 | D:1      | Slain by a jackal

Illustrated notes

Levels and vault maps discovered:
D:1:      nicolae_arrival_washed_ashore, layout_rooms,
          dreamdust_ecumenical_altar_angels_and_demons, nicolae_grassy_gnolls

Skill      XL: |  1 |
---------------+----+-----
Axes           | 2 |  2.8
Fighting       | |  3.0
Armour         | |  2.6
Shields        | |  2.6

Action                   || total
-------------------------++-------
Melee: War axe           ||    39
Armor: Scale mail        ||    19
Dodge: Dodged            ||    25
Block: Buckler           ||    18
